 Dungeon Crawl Stone Soup version 0.30.1-11-g7821555f0a (webtiles) character file.

Game seed: 11326147835466584709

469 lonewolfV2 the Chopper (level 6, -28/58 HPs)
             Began as a Minotaur Fighter on Nov 2, 2023.
             Annihilated by an ogre
             ... wielding a +0 giant club
              (31 damage)
             ... on level 4 of the Dungeon.
             The game lasted 00:05:06 (3497 turns).

lonewolfV2 the Chopper (Minotaur Fighter)           Turns: 3497, Time: 00:05:07

Health: -28/58     AC: 10    Str: 21    XL:     6   Next: 82%
Magic:  5/5        EV:  8    Int:  5    God:
Gold:   156        SH:  5    Dex: 11    Spells: 5/5 levels left

rFire   . . .        a - +0 war axe
rCold   . . .        c - +1 buckler
rNeg    + . .        q - +0 chain mail
rPois   .            (helmet restricted)
rElec   .            (no cloak)
rCorr   .            p - +0 pair of gloves
SInv    .            (no boots)
Will    .....        (no amulet) Stlth
                     i - ring of positive energy
HPRegen 0.29/turn    (no ring)
MPRegen 0.09/turn

%: no passive effects
@: no status effects
A: horns 2, retaliatory headbutt
a: no special abilities


You were on level 4 of the Dungeon.
You visited 1 branch of the dungeon, and saw 4 of its levels.

You collected 156 gold pieces.

Inventory:

Hand Weapons
 a - a +0 war axe (weapon)
Missiles
 h - a throwing net (quivered)
Armour
 c - a +1 buckler (worn)
 p - a +0 pair of gloves (worn)
 q - a +0 chain mail (worn)
Jewellery
 g - a ring of ice
 i - a ring of positive energy (left hand)
 s - a ring of poison resistance
 v - a ring of magical power
Wands
 o - a wand of flame (21)
Scrolls
 b - a scroll of summoning {unknown}
 e - 2 scrolls of blinking
 k - a scroll of poison
 l - a scroll of teleportation
 r - 2 scrolls of identify
 t - a scroll of fog {unknown}
Potions
 d - 2 potions of might
 f - 4 potions of brilliance {unknown}
 j - a potion of curing {unknown}
 m - a potion of attraction {unknown}
 n - a potion of flight {unknown}
 u - a potion of resistance {unknown}


   Skills:
 + Level 6.4 Fighting
 + Level 6.7 Axes
 - Level 4.0 Armour
 - Level 4.0 Shields


You had 5 spell levels left.
You didn't know any spells.
Your spell library contained the following spells:

 Spells                   Type           Power      Damage    Failure   Level
 Kiss of Death            Conj/Necr      0%         2d5       99%         1
 Magic Dart               Conj           0%         1d3       99%         1
 Summon Small Mammal      Summ           0%         N/A       99%         1
 Searing Ray              Conj           0%         2d4       100%        2
 Call Canine Familiar     Summ           0%         N/A       100%        3
 Confusing Touch          Hex            0%         N/A       100%        3
 Summon Guardian Golem    Hex/Summ       0%         N/A       100%        3
 Volatile Blastmotes      Fire/Tloc      0%         2d10      100%        3
 Anguish                  Hex/Necr       0%         N/A       100%        4
 Cause Fear               Hex            0%         N/A       100%        4
 Dispel Undead            Necr           0%         3d6       100%        4
 Fulminant Prism          Conj/Hex       0%         3d5       100%        4
 Iskenderun's Mystic Bla  Conj/Tloc      0%         2d3       100%        4
 Lee's Rapid Deconstruct  Erth           0%         3d4*      100%        5
 Enfeeble                 Hex            0%         N/A       100%        7


Dungeon Overview and Level Annotations

Branches:
Dungeon (4/15)
 Temple: D:4-7

Altars:

Shops:
D:2 :


Innate Abilities, Weirdness & Mutations

You have a pair of horns on your head.
You reflexively headbutt those who attack you in melee.


Message History

A hobgoblin is nearby!
A hobgoblin is nearby!
The hobgoblin hits you but does no damage.
The hobgoblin hits you but does no damage.
You hit the hobgoblin.
You kill the hobgoblin!
Found a giant club.
You see here a +0 giant club.
You see here a +0 giant club.
v - a ring of magical power An ogre comes into view.
It is wielding a +0 giant club.
The ogre shouts!
An ogre is nearby!
An ogre is nearby!
The ogre barely misses you.
You hit the ogre but do no damage. You headbutt the ogre.
The ogre is moderately wounded.
The ogre misses you.
You barely miss the ogre.
The ogre is lightly wounded.
The ogre hits you with a +0 giant club!!
You barely miss the ogre.
The ogre is lightly wounded.
You slash the ogre!
The ogre is heavily wounded.
The ogre hits you with a +0 giant club!!
You slash the ogre!
The ogre is severely wounded.
You block the ogre's attack.
You barely miss the ogre.
The ogre is severely wounded.
The ogre hits you with a +0 giant club!
* * * LOW HITPOINT WARNING * * *
You hit the ogre.
The ogre is severely wounded.
You hit the ogre but do no damage. You headbutt the ogre.
The ogre is severely wounded.
The ogre hits you with a +0 giant club!!
Ouch! That really hurt!
You die...

#..#### #### # ####
...### ....##
....######### #
##O...........# ##
#.@............###.
##...#....#
#....... ##..###
.## ###..... ##..##
##.... ##..## #....
##..## ##...
###..## #... #...##
#.)[ #...# ##...


You could see an ogre.

Vanquished Creatures
  An ogre (D:4)
  2 kobold brigands (D:3)
  An orc priest (D:3)
  Terence (D:3)
  An iguana (D:4)
  2 orc wizards (D:3)
  A gnoll (D:1)
  2 adders
  An ufetubus (D:4)
  2 dart slugs
  6 orcs (D:3)
  4 ball pythons
  6 endoplasms
  A giant cockroach (D:1)
  4 goblins
  10 hobgoblins
  3 jackals
  12 kobolds
  5 quokkas
  5 bats
  5 frilled lizards
  10 rats
85 creatures vanquished.

Notes
Turn   | Place    | Note
-------+----------+-------------------------------------------
     0 | D:1      | lonewolfV2 the Minotaur Fighter began the quest for the
                  | Orb.
     0 | D:1      | Reached XP level 1. HP: 19/19 MP: 0/0
   125 | D:1      | Reached XP level 2. HP: 27/27 MP: 1/1
   362 | D:1      | Reached XP level 3. HP: 24/33 MP: 2/2
  1073 | D:2      | Found Nueluo's Vocational Training.
  1478 | D:3      | Identified the +1 robe of Action {rC+++ rN+ Dex-2 SInv}
  1536 | D:3      | Noticed a kobold brigand
  1541 | D:3      | Noticed a kobold brigand
  1547 | D:3      | Killed a kobold brigand
  1548 | D:3      | Reached XP level 4. HP: 24/41 MP: 3/3
  1554 | D:3      | Killed a kobold brigand
  1555 | D:3      | Reached skill level 5 in Fighting
  1555 | D:3      | Reached skill level 5 in Axes
  1555 | D:3      | Reached XP level 5. HP: 22/48 MP: 4/4
  2087 | D:3      | Reached XP level 6. HP: 56/56 MP: 5/5
  2589 | D:3      | Noticed Terence
  2599 | D:3      | Killed Terence
  3495 | D:4      | HP: 2/58 [ogre/+0 giant club (16)]
  3497 | D:4      | Annihilated by an ogre

Illustrated notes

Levels and vault maps discovered:
D:1:      dpeg_arrival_simpleton_b, layout_loops_ring
D:2:      layout_basic, nicolae_shop_vocational
D:3:      cheibrodos_thug_alley, layout_rooms, serial_glass, glass_columns_a,
          glass_columns_a, uniq_terence
D:4:      minmay_spotlight, layout_layer_cave

Skill      XL: |  1  2  3  4  5  6 |
---------------+-------------------+-----
Armour         | 4 |  4.0
Fighting       | 4 5 6 |  6.4
Shields        | 4 |  4.0
Axes           | 3 4 5 6 |  6.7

Action                     |  1- 3 |  4- 6 || total
---------------------------+-------+-------++-------
  Melee: War axe           |    77 |    99 ||   176
         Headbutt          |    11 |    17 ||    28
    Use: Scroll            |     7 |     1 ||     8
 Armour: Scale mail        |    43 |    32 ||    75
         Chain mail        |       |    10 ||    10
  Dodge: Dodged            |    40 |    54 ||    94
  Block: Buckler           |    30 |    37 ||    67
